[Event "45th FIDE Olympiad 2024"]
[Site "Budapest"]
[Date "2024.09.14"]
[Round "4.60"]
[White "Itgelt, Khuyagtsogt"]
[Black "Svane, Frederik"]
[Result "0-1"]
[ECO "E01"]
[WhiteElo "2412"]
[BlackElo "2640"]
[Annotator "TA"]
[PlyCount "74"]
[EventDate "2024.09.05"]
[EventType "team-tourn"]
[EventCountry "HUN"]
[SourceTitle "playchess.com"]
[Source "ChessBase"]
[SourceQuality "1"]
[WhiteTeam "Mongolia"]
[BlackTeam "Germany"]
[WhiteTeamCountry "MGL"]
[BlackTeamCountry "GER"]
[TimeControl "40/5400+30:1800+30"]

1. d4 Nf6 2. c4 e6 3. g3 Bb4+ 4. Nd2 d5 5. Bg2 a5 6. Ngf3 a4 7. a3 Be7 8. O-O {[%emt 0:01:19] White has an edge.} Nc6 9. Qc2 O-O 10. Rd1 Bd7 11. e4 dxe4 12. Nxe4 Nxe4 13. Qxe4 Na5 14. Ne5 Be8 15. Be3 f6 16. Nd3 Qc8 (16... Nxc4 17. Nc5 Bf7 18. Nxe6 $16 (18. Qxb7 Rb8 $11)) 17. Nf4 {[%emt 0:02:48] Against Bg6} Bf7 18. Bh3 f5 $1 19. Qc2 Nb3 20. Rab1 c6 21. Bf1 Bf6 22. c5 Kh8 23. Bc4 ({Better is} 23. h4 $15) 23... Qe8 (23... g5 $17 24. Ne2 f4 25. gxf4 gxf4 (25... Bg6 26. Bd3 $11) 26. Bxf4 e5) 24. h4 $15 Rd8 25. Re1 (25. Qe2 $15) 25... Bxd4 $17 (25... Nxd4 $6 26. Bxd4 Rxd4 27. Bxe6 Rxf4 28. Bxf7 (28. Bxf5 Rxf5 29. Rxe8 Bxe8 $17) 28... Qxf7 29. gxf4 Qg6+ 30. Kf1 $11) 26. Bxb3 axb3 27. Qxb3 {[%emt 0:00:04] [#]} Bf6 {[%emt 0:00:26] Strongly threatening ...e5.} ({Much worse is} 27... e5 $6 28. Qb4 $11) 28. Qxb7 e5 29. Nh3 (29. Bc1 $142) 29... Bd5 30. Bg5 $2 (30. Rbd1) 30... Qh5 31. Bxf6 gxf6 32. Kh2 {[%emt 0:00:01] [#]} (32. Rbd1 $142 Qf3 33. Rxd5 Qxd5 34. Qc7) 32... f4 $1 $19 {[%emt 0:11:16][%mdl 512] ( -> ...fxg3+). Black is clearly winning.} 33. Rg1 {[%emt 0:00:03] [#]} (33. Qb4 Rg8) 33... Be6 $1 {[%emt 0:00:27] ...Qg4 is the strong threat.} 34. gxf4 Rd7 ({And not} 34... Qxh4 35. Qg7#) ({Stronger than} 34... Bg4 35. Rxg4 Qxg4 36. Qxc6 $15) 35. Qxc6 Bxh3 36. Kxh3 Rd3+ 37. Rg3 Qf5+ {[%emt 0:00:10] Weighted Error Value: White=0.42/Black=0.14 (very precise) .  Mistake:       	White=5     	Black=1      Inaccurate:     	White=2     	Black=2      OK:         	White=7     	Black=10     Best:        	White=1     	Black=3      Strong:       	---       	Black=2      Brilliant:      	---       	Black=1} 0-1

[Event "45th FIDE Olympiad 2024"]
[Site "Budapest"]
[Date "2024.09.14"]
[Round "4.61"]
[White "Mohammad Fahad, Rahman"]
[Black "Vachier-Lagrave, Maxime"]
[Result "0-1"]
[ECO "D24"]
[WhiteElo "2419"]
[BlackElo "2731"]
[Annotator "TA"]
[PlyCount "86"]
[EventDate "2024.09.05"]
[EventType "team-tourn"]
[EventCountry "HUN"]
[SourceTitle "playchess.com"]
[Source "ChessBase"]
[SourceQuality "1"]
[WhiteTeam "Bangladesh"]
[BlackTeam "France"]
[WhiteTeamCountry "BAN"]
[BlackTeamCountry "FRA"]
[TimeControl "40/5400+30:1800+30"]

1. d4 Nf6 2. c4 e6 3. Nf3 d5 4. Nc3 dxc4 5. e4 b5 6. e5 $1 Nd5 7. Nxb5 Nb6 8. a4 {[%emt 0:08:59] White is slightly better.} Qd7 9. Na3 Bb4+ 10. Bd2 Bxa3 11. Rxa3 {[%emt 0:00:28] With the idea a5.} a5 $1 12. b3 Nc6 13. bxc4 Ba6 14. d5 Nb4 ({Black should play} 14... exd5 $15 15. cxd5 Bxf1 16. Kxf1 (16. dxc6 Qe7 $17) 16... Qxd5 (16... Nxd5 17. h4 $11)) 15. dxe6 $1 $11 (15. Bxb4 axb4 16. Ra1 exd5 $17 (16... Nxc4 17. d6 $17)) 15... fxe6 16. Qb3 O-O 17. Be2 Rad8 18. Bxb4 axb4 19. Ra2 {[%emt 0:00:11] [#]} (19. Ra1 $11 Qc6 20. O-O (20. Qxb4 Bxc4 21. Rc1 Qe4 $11) 20... Bxc4 21. Bxc4 Qxc4 22. Qxc4 Nxc4 23. Rfc1) 19... Bxc4 $1 20. Bxc4 Nxc4 21. O-O $1 Qd5 {[%emt 0:00:10] Strongly threatening ...Na5.} 22. Rc2 {[%emt 0:06:38] [#]} Na3 {[%emt 0:05:36] Black is more active.} (22... Nxe5 23. Qxd5 Rxd5 24. Nxe5 Rxe5 25. Rxc7 $11) 23. Qxd5 Rxd5 24. Rxc7 Rb8 {[%emt 0:00:05] Against Rb7. Hoping for ...b3.} 25. h4 Rd3 26. a5 b3 {[%emt 0:00:05] Threatens to win with ...b2.} 27. a6 b2 28. Rb7 $2 {[%emt 0:01:26][%mdl 8192] This move loses the game for White.} (28. Kh2 $17 {is tougher.}) 28... Rxb7 $19 (28... b1=Q $2 29. Rfxb1 Rf8 30. Rc1 $18 (30. R1b6 Rd1+ 31. Kh2 Rd5 $18)) 29. axb7 {[%emt 0:00:03][%mdl 4096] Endgame. KRN-KRN} Rb3 (29... b1=R $2 30. Rxb1 Rd8 31. b8=Q $18 (31. b8=R Rf8 $18)) 30. Nd2 Rxb7 (30... b1=Q $2 {is the wrong capture.} 31. Rxb1 $18 (31. Nxb1 $2 {perishes.} Nxb1 32. Rd1 Rxb7 $19) (31. Nxb1 $2 {too greedy.} Nxb1 32. Rc1 Rxb7 $19)) 31. Nb1 Nc4 {[%emt 0:03:58][%cal Ob7c7] ...Rc7! is the strong threat.} 32. f4 (32. Re1 $142) 32... Ne3 33. Re1 Nf5 34. Kf2 h5 35. Nd2 Nxh4 36. Rb1 Rb4 {[%emt 0:00:05] Prevents Nc4} 37. g3 Nf5 38. Nf3 Kf7 {[%emt 0:01:39] And now ...Ke7 would win.} 39. Nd2 Ke7 40. Nf3 (40. Nf1 $142) 40... Kd7 {[%emt 0:01:21] Black is clearly winning.} 41. Nd2 Kc6 42. Nf3 Kc5 43. Ng5 Kd5 {[%emt 0:00:20] Weighted Error Value: White=0.46/Black=0.14 (very precise) .  Loses game:     	White=1     	---        Mistake:       	White=4     	Black=1      Inaccurate:     	White=2     	Black=1      OK:         	White=8     	Black=16     Best:        	White=3     	Black=5      Strong:       	White=2     	Black=1} 0-1

[Event "45th FIDE Olympiad 2024"]
[Site "Budapest"]
[Date "2024.09.14"]
[Round "4.61"]
[White "Murphy, Jones"]
[Black "Mompel Ferruz, Xavier"]
[Result "0-1"]
[ECO "A36"]
[WhiteElo "2021"]
[BlackElo "2273"]
[PlyCount "64"]
[EventDate "2024.09.05"]
[EventType "team-tourn"]
[EventCountry "HUN"]
[WhiteTeam "Dominica"]
[BlackTeam "Equatorial Guinea"]
[WhiteTeamCountry "DMA"]
[TimeControl "40/5400+30:1800+30"]

1. e4 c5 2. c4 Nc6 3. Nc3 g6 4. g3 Bg7 5. Bg2 d6 6. d3 e6 7. Nge2 Nge7 8. Rb1 O-O 9. O-O b6 10. a3 Bb7 11. b4 Nd4 12. Bg5 Nxe2+ 13. Nxe2 f6 14. Be3 Rc8 15. Qb3 f5 16. f3 Nc6 17. bxc5 dxc5 18. Bxc5 Na5 19. Bxb6 Qxb6+ 20. Qxb6 axb6 21. Rxb6 Bc6 22. Ra6 Nb3 23. Rb6 Nd4 24. Kf2 fxe4 25. dxe4 Bxe4 26. Ke3 Nxe2 27. Kxe2 Rxc4 28. Bh3 Bf5 29. Bxf5 exf5 30. Rd1 Rc2+ 31. Rd2 Rxd2+ 32. Kxd2 Ra8 {0-} 0-1

[Event "45th FIDE Olympiad 2024"]
[Site "Budapest"]
[Date "2024.09.14"]
[Round "4.62"]
[White "Maurizzi, Marc`andria"]
[Black "Manon, Reja Neer"]
[Result "1/2-1/2"]
[ECO "B12"]
[WhiteElo "2595"]
[BlackElo "2417"]
[Annotator "TA"]
[PlyCount "56"]
[EventDate "2024.09.05"]
[EventType "team-tourn"]
[EventCountry "HUN"]
[SourceTitle "playchess.com"]
[Source "ChessBase"]
[SourceQuality "1"]
[WhiteTeam "France"]
[BlackTeam "Bangladesh"]
[WhiteTeamCountry "FRA"]
[BlackTeamCountry "BAN"]
[TimeControl "40/5400+30:1800+30"]

1. e4 c6 2. d4 d5 3. e5 Bf5 4. h4 h5 5. Bd3 Bxd3 6. Qxd3 Qa5+ 7. Nd2 {[%emt 0:00:17][%cal Oe5e6] And now e6! would win.} e6 8. Ne2 {[%emt 0:02:51] The position is equal.} Qa6 9. c4 Ne7 10. O-O Nf5 11. Rb1 Bb4 12. b3 Nxh4 13. a3 Be7 (13... Bxa3 $2 14. Ra1 $18) 14. b4 Nd7 15. Nc3 g6 16. b5 Qa5 17. bxc6 bxc6 18. cxd5 cxd5 19. Rb7 {[%emt 0:00:10] [#]} Rb8 $1 20. Nb3 Qd8 21. Qb5 {[%emt 0:02:15][%cal Ob7d7] [#] Black must now prevent Rxd7!} Rxb7 22. Qxb7 Qb8 23. Qc6 Qxb3 24. Nb5 {[%emt 0:00:01] [#] Threatens to win with Qc8+.} O-O $1 25. Qxd7 Nf5 {[%emt 0:00:05] aiming for ...h4.} 26. Nd6 Bxd6 27. exd6 Qb6 ({Weaker is} 27... Nxd4 28. Bg5 Qb6 (28... Qxa3 29. Qe7 $16) 29. Re1 $11) 28. Bg5 {[%emt 0:01:54] Wards off Rd8} Qxd6 {[%emt 0:01:12] Weighted Error Value: White=0.10 (very precise) /Black=0.04 (flawless) .  Mistake:       	---       	Black=1      Inaccurate:     	White=2     	---        OK:         	White=6     	Black=15     Best:        	White=3     	Black=1      Strong:       	---       	Black=1} (28... Ra8 $17 29. Be7 Nxd4 (29... Qxd4 $2 {perishes.} 30. Qb7 $18)) 1/2-1/2

[Event "45th FIDE Olympiad 2024"]
[Site "Budapest"]
[Date "2024.09.14"]
[Round "4.62"]
[White "Oscar Naranjo Gonzalez"]
[Black "Bridet, Robert"]
[Result "0-1"]
[ECO "C70"]
[WhiteElo "1861"]
[BlackElo "1697"]
[PlyCount "97"]
[EventDate "2024.09.05"]
[EventType "team-tourn"]
[EventCountry "HUN"]
[WhiteTeam "Equatorial Guinea"]
[BlackTeam "Dominica"]
[BlackTeamCountry "DMA"]
[TimeControl "40/5400+30:1800+30"]

1. e4 e5 2. Nf3 Nc6 3. Bb5 Bc5 4. c3 a6 5. Ba4 b5 6. Bb3 Qe7 7. O-O Nf6 8. d4 Bb6 9. Re1 O-O 10. Bg5 h6 11. Bh4 d6 12. h3 Bb7 13. a4 Na5 14. Bc2 Qe6 15. Nbd2 c5 16. b4 cxb4 17. cxb4 Nc4 18. d5 Qd7 19. Bxf6 gxf6 20. Nh4 Kh7 21. Nf5 Rg8 22. Nf1 Rg5 23. h4 Rg6 24. Qh5 Rag8 25. N1g3 Qe8 26. Bd3 Qf8 27. axb5 axb5 28. Bxc4 bxc4 29. Ne3 c3 30. Qf3 Bc8 31. Ra8 Qe7 32. Kh2 Bg4 33. Nxg4 Rxa8 34. h5 Rg5 35. Nxf6+ Kg7 36. Ng4 Rxg4 37. Nf5+ Kf8 38. Nxe7 Rh4+ 39. Kg1 Rf4 40. Qxf4 exf4 41. Nf5 Ra2 42. Rc1 Rxf2 43. Kh1 c2 44. b5 Rd2 45. Kh2 f3 46. Kg3 f2 47. Ra1 Kg8 48. Rc1 Rd1 49. Rxc2 {0-} 0-1

[Event "45th FIDE Olympiad 2024"]
[Site "Budapest"]
[Date "2024.09.14"]
[Round "4.63"]
[White "Hossain, Enamul"]
[Black "Fressinet, Laurent"]
[Result "0-1"]
[ECO "C54"]
[WhiteElo "2354"]
[BlackElo "2616"]
[Annotator "TA"]
[PlyCount "58"]
[EventDate "2024.09.05"]
[EventType "team-tourn"]
[EventCountry "HUN"]
[SourceTitle "playchess.com"]
[Source "ChessBase"]
[SourceQuality "1"]
[WhiteTeam "Bangladesh"]
[BlackTeam "France"]
[WhiteTeamCountry "BAN"]
[BlackTeamCountry "FRA"]
[TimeControl "40/5400+30:1800+30"]

1. e4 e5 2. Nf3 Nc6 3. Bc4 Nf6 4. d3 Bc5 5. c3 d6 6. a4 {[%emt 0:01:10] Strongly threatening b4.} a5 7. O-O Ba7 8. Re1 {[%emt 0:01:27] White has an edge.} O-O 9. h3 Be6 10. Bxe6 fxe6 11. Be3 Bxe3 12. Rxe3 d5 13. Na3 d4 14. Re1 Nh5 15. cxd4 ({White should try} 15. Nxd4 $11 exd4 16. Qxh5) 15... exd4 $15 16. Nb5 Nf4 (16... Qf6 {feels hotter.} 17. e5 Qg6 18. Nfxd4 Nxd4 19. Nxd4 Nf4) 17. e5 {[%emt 0:10:25] Inhibits Qf6.} Qe8 {[%emt 0:17:42] ...Qg6 is the strong threat.} 18. Nfxd4 Nxd4 19. Nxd4 Rd8 20. Re4 c5 $40 {[%emt 0:00:47][%mdl 128] Black mounts an attack.} (20... Rd5 {simplifies} 21. Qd2 Qd7 22. Rxf4 Rxf4 23. Qxf4 Rxd4 24. Qe3 b6) 21. Nb5 {[%emt 0:02:07] [#]} ({Only move:} 21. Ne2 $1 $15 Nxd3 (21... Rxd3 22. Qc2 $11) 22. Qb3) 21... Qg6 $2 ({Less strong is} 21... Nxd3 22. Qb3 Qf7 (22... Nxf2 23. Re3 $11) (22... Rxf2 $2 23. Nd6 $16) 23. f3 $15) (21... Rxd3 $19 {is more deadly.} 22. Qg4 (22. Qc1 $2 Qf7 $19) 22... h5 23. Qxf4 Rxf4 24. Rxf4 Qd8) 22. Rxf4 Rxf4 $19 23. Qc1 $2 (23. Nd6 {is more resistant.}) 23... Rdf8 {[%emt 0:02:29] Black is clearly winning.} 24. Qxc5 Rxf2 25. Qxf2 Rxf2 26. Kxf2 Qxd3 {[%emt 0:00:09] KQ-KRN} 27. Re1 Qc2+ 28. Re2 Qxa4 29. Nd6 b5 {[%emt 0:00:50] Weighted Error Value: White=0.49/Black=0.17 (very precise) .  Loses game:     	White=1     	---        Missed win:     	---       	Black=1      Mistake:       	White=3     	---        Inaccurate:     	---       	Black=1      OK:         	White=4     	Black=8      Best:        	White=3     	Black=1} 0-1

[Event "45th FIDE Olympiad 2024"]
[Site "Budapest"]
[Date "2024.09.14"]
[Round "4.63"]
[White "Francis, Nigel"]
[Black "Angel Estanislao Gatjens Capch"]
[Result "1/2-1/2"]
[ECO "B12"]
[WhiteElo "1775"]
[BlackElo "1849"]
[PlyCount "129"]
[EventDate "2024.09.05"]
[EventType "team-tourn"]
[EventCountry "HUN"]
[WhiteTeam "Dominica"]
[BlackTeam "Equatorial Guinea"]
[WhiteTeamCountry "DMA"]
[TimeControl "40/5400+30:1800+30"]

1. e4 c6 2. d4 d5 3. e5 c5 4. dxc5 Nc6 5. f4 e6 6. Nf3 Bxc5 7. a3 a5 8. Nc3 Nh6 9. Na4 Ba7 10. c3 Ng4 11. Nd4 h5 12. Be2 Bd7 13. Bxg4 Qh4+ 14. g3 Qxg4 15. Nb5 Qxd1+ 16. Kxd1 Bb8 17. Nd6+ Ke7 18. Nxb7 Ba7 19. Nac5 Rhb8 20. b4 Bc8 21. Nd6 Bb6 22. Na4 Bc7 23. Nxc8+ Rxc8 24. Be3 axb4 25. Bc5+ Ke8 26. axb4 Rcb8 27. Kd2 f6 28. exf6 gxf6 29. Rhe1 Kf7 30. Nb2 Rxa1 31. Rxa1 d4 32. Nc4 dxc3+ 33. Kxc3 Rc8 34. Bd6 Bd8 35. Bc5 Rb8 36. Ra6 Ne7 37. Ra7 Ke8 38. Nd6+ Kf8 39. Kc4 Kg8 40. Nb7 Nc6 41. Ra6 Nxb4 42. Bxb4 Rxb7 43. Ra8 Kf7 44. Rxd8 Rc7+ 45. Bc5 Rb7 46. Rh8 Kg6 47. Re8 Kf5 48. Rh8 Kg6 49. Bd4 Rc7+ 50. Kd3 Rd7 51. Ke4 Rc7 52. Rf8 e5 53. fxe5 fxe5 54. Bxe5 Rc4+ 55. Bd4 Rc2 56. Rf2 Rc6 57. h4 Re6+ 58. Be5 Ra6 59. Rf5 Ra4+ 60. Bd4 Rxd4+ 61. Ke5 Rd5+ 62. Kxd5 Kxf5 63. Kd4 Kg4 64. Ke3 Kxg3 65. Ke2 1/2-1/2

[Event "45th FIDE Olympiad 2024"]
[Site "Budapest"]
[Date "2024.09.14"]
[Round "4.64"]
[White "Lagarde, Maxime"]
[Black "Murshed, Niaz"]
[Result "1-0"]
[ECO "C92"]
[WhiteElo "2598"]
[BlackElo "2318"]
[Annotator "TA"]
[PlyCount "67"]
[EventDate "2024.09.05"]
[EventType "team-tourn"]
[EventCountry "HUN"]
[SourceTitle "playchess.com"]
[Source "ChessBase"]
[SourceQuality "1"]
[WhiteTeam "France"]
[BlackTeam "Bangladesh"]
[WhiteTeamCountry "FRA"]
[BlackTeamCountry "BAN"]
[TimeControl "40/5400+30:1800+30"]

1. e4 e5 2. Nf3 Nc6 3. Bb5 a6 4. Ba4 Nf6 5. O-O Be7 6. Re1 b5 7. Bb3 d6 8. c3 O-O 9. h3 Bb7 10. d3 h6 11. Be3 d5 12. Nbd2 d4 {[%emt 0:00:58] White has an edge.} 13. cxd4 exd4 14. Bf4 Na5 $1 15. Bc2 c5 16. Nf1 Re8 17. Rc1 Bf8 18. Ng3 Bc8 {[%emt 0:03:33] [#]} (18... Nc6 $11) 19. b4 $1 $14 cxb4 20. Bb1 Ra7 {[%emt 0:03:38][%cal Ob4b3] Inhibits Bc7.} 21. Ne2 Nd7 22. Nexd4 Nc5 23. Nb3 $36 {[%emt 0:03:47][%mdl 2048] White has the initiative.} Naxb3 24. axb3 Be6 25. Bc2 f5 26. Ne5 Qf6 {[%emt 0:10:12] [#]} (26... Ra8 $1 $11) 27. exf5 $1 $16 Bxf5 28. Bg3 Ne6 (28... Nd7 $14) 29. d4 Bxc2 30. Rxc2 a5 (30... Nf4 $142 31. Rc6 Qf5 32. Bxf4 Qxf4) 31. Rce2 $18 {[%emt 0:03:18] d5 is the strong threat.} Nc7 (31... Rc8 {was necessary.}) 32. d5 {[%emt 0:07:11] Threatens to win with Nc6.} Ra6 (32... Rd8 33. Rd2 Raa8) 33. Nd7 Qf7 34. Nxf8 {[%emt 0:00:35] Weighted Error Value: White=0.06 (flawless) /Black=0.34.  Mistake:       	---       	Black=6      Inaccurate:     	White=2     	Black=2      OK:         	White=14    	Black=10     Best:        	White=1     	Black=2      Strong:       	White=1     	Black=1      Brilliant:      	White=1     	---} (34. Bxc7 Rxe2 35. Rxe2 (35. Qxe2 Qxd7 36. Qe5 g6 $11) 35... Qxd7 $16) 1-0

[Event "45th FIDE Olympiad 2024"]
[Site "Budapest"]
[Date "2024.09.14"]
[Round "4.64"]
[White "Pedro Manuel Envo Engonga Avom"]
[Black "Auguiste, Lyndon"]
[Result "0-1"]
[ECO "B01"]
[WhiteElo "1702"]
[BlackElo "1697"]
[PlyCount "192"]
[EventDate "2024.09.05"]
[EventType "team-tourn"]
[EventCountry "HUN"]
[WhiteTeam "Equatorial Guinea"]
[BlackTeam "Dominica"]
[BlackTeamCountry "DMA"]
[TimeControl "40/5400+30:1800+30"]

1. e4 d5 2. exd5 Qxd5 3. Nf3 Bg4 4. Be2 e6 5. d4 Nc6 6. c4 Qa5+ 7. Nc3 Bb4 8. a3 Bxf3 9. Bxf3 Bxc3+ 10. bxc3 Qxc3+ 11. Bd2 Qxd4 12. O-O Nge7 13. Qb3 O-O 14. Be3 Qh4 15. Qxb7 Rab8 16. Qxc7 Rfc8 17. Qd7 Ne5 18. Qd1 a5 19. c5 Nxf3+ 20. Qxf3 Nd5 21. Rab1 Qa4 22. Qg3 Rxb1 23. Rxb1 Qxa3 24. h3 Nxe3 25. Qxe3 Qxe3 26. fxe3 Kf8 27. Rb5 a4 28. Ra5 a3 29. Kf2 a2 30. Kf3 Rxc5 31. Rxa2 Ke7 32. Rd2 h5 33. Rd4 f5 34. Rf4 Rc1 35. Kg3 g5 36. Rd4 h4+ 37. Kf2 Kf6 38. Rd8 Rc7 39. Rf8+ Rf7 40. Rg8 Rg7 41. Rf8+ Ke5 42. Rh8 f4 43. Rh6 Rf7 44. Rh5 Rg7 45. Kf3 fxe3 46. Kxe3 Kf5 47. Rh8 Rb7 48. Rf8+ Ke5 49. Rg8 Rb3+ 50. Kf2 Rg3 51. Rh8 Ke4 52. Rh7 Rd3 53. Ke2 Re3+ 54. Kf2 Ra3 55. Rf7 Ra2+ 56. Kf1 Ra5 57. Ke2 e5 58. Rf8 Ra2+ 59. Kf1 Rc2 60. Rf7 Rc5 61. Kf2 Kd4 62. Rd7+ Rd5 63. Re7 e4 64. Ke2 Ra5 65. Rd7+ Ke5 66. Rf7 Ra2+ 67. Ke3 Rxg2 68. Re7+ Kd5 69. Rd7+ Ke6 70. Rd4 Rg3+ 71. Kxe4 Rxh3 72. Rd8 Rg3 73. Rh8 Kf6 74. Rh6+ Kg7 75. Rh5 Kg6 76. Rh8 h3 77. Ke5 Ra3 78. Ke4 g4 79. Kf4 Ra4+ 80. Kg3 Kf6 81. Rh5 Rd4 82. Rh8 Ke5 83. Rh5+ Kd6 84. Rg5 Re4 85. Rh5 Re5 86. Rh6+ Re6 87. Rh5 Rg6 88. Ra5 Ke6 89. Rh5 Kf6 90. Ra5 Rh6 91. Ra2 h2 92. Rxh2 Rxh2 93. Kxh2 Ke5 94. Kg2 Kf4 95. Kf1 Kf3 96. Kg1 Kg3 {0-} 0-1

[Event "45th FIDE Olympiad 2024"]
[Site "Budapest"]
[Date "2024.09.14"]
[Round "4.65"]
[White "Ziska, Helgi Dam"]
[Black "Deac, Bogdan-Daniel"]
[Result "1/2-1/2"]
[ECO "C78"]
[WhiteElo "2553"]
[BlackElo "2680"]
[Annotator "TA"]
[PlyCount "79"]
[EventDate "2024.09.05"]
[EventType "team-tourn"]
[EventCountry "HUN"]
[SourceTitle "playchess.com"]
[Source "ChessBase"]
[SourceQuality "1"]
[WhiteTeam "Faroe Islands"]
[BlackTeam "Romania"]
[WhiteTeamCountry "FAI"]
[BlackTeamCountry "ROU"]
[TimeControl "40/5400+30:1800+30"]

1. e4 e5 2. Nf3 Nc6 3. Bb5 a6 4. Ba4 Nf6 5. O-O Bc5 6. c3 b5 7. Bb3 d6 8. d4 Bb6 9. Be3 O-O 10. Nbd2 Re8 11. Re1 (11. a4 {with more complications.} Bg4 12. dxe5 Bxe3 13. exf6 Bxd2 14. Qxd2 Bxf3 15. Qg5) 11... h6 12. h3 Rb8 13. a3 Na5 14. Bc2 c5 15. dxe5 dxe5 16. b4 cxb4 17. axb4 {[#] Bxb6 is the strong threat.} Nc6 18. Nb3 Bxe3 19. Rxe3 Qb6 20. Qe1 Ra8 21. Na5 Nxa5 22. Rxa5 Nh5 23. Bd3 {[%cal Od3b5] [#] Black must now prevent Bxb5!} Rb8 24. Bf1 Nf4 25. c4 bxc4 26. Nxe5 Qxb4 27. Qa1 {[%cal Oe5c6] And now Nc6! would win.} (27. Bxc4 Rxe5 28. Qxb4 Rxb4 $15) 27... Qb1 {Hoping for ...Qxa1.} ({Reject} 27... Be6 $6 28. Nc6 (28. Rxa6 Qb1 $11) 28... Qd2 29. Nxb8 Rxb8 30. Ra2 $16 (30. Rxa6 Rb2 $16)) 28. Nxc4 Rd8 29. Re1 {Prevents Rd1} Qxa1 30. Rexa1 Rb4 31. e5 Ng6 {The position is equal.} 32. Nd6 Be6 33. Bxa6 Nxe5 34. Rxe5 Rxd6 35. Bf1 g6 36. Ree1 Rb2 37. Re2 Rxe2 38. Bxe2 Kg7 39. Rd1 Rxd1+ 40. Bxd1 {An interesting draw.   Weighted Error Value: White=0.06 (flawless) /Black=0.04 (flawless) .  Inaccurate:     	White=1     	Black=1      OK:         	White=11    	Black=14     Best:        	---       	Black=1} 1/2-1/2

[Event "45th FIDE Olympiad 2024"]
[Site "Budapest"]
[Date "2024.09.14"]
[Round "4.65"]
[White "Morazo, John Ranel"]
[Black "Misambo .J. KIlasa"]
[Result "1-0"]
[ECO "E94"]
[WhiteElo "2200"]
[BlackElo "1959"]
[PlyCount "87"]
[EventDate "2024.09.05"]
[EventType "team-tourn"]
[EventCountry "HUN"]
[WhiteTeam "Palau"]
[BlackTeam "Tanzania"]
[WhiteTeamCountry "PAL"]
[BlackTeamCountry "TAN"]
[TimeControl "40/5400+30:1800+30"]

1. d4 Nf6 2. c4 g6 3. Nc3 Bg7 4. e4 d6 5. Nf3 O-O 6. Be2 c5 7. d5 e6 8. O-O e5 9. Ne1 Ne8 10. Nd3 f5 11. a3 fxe4 12. Nxe4 Nd7 13. Be3 Qc7 14. Bg4 Ndf6 15. Bxc8 Qxc8 16. f3 a6 17. Qd2 b5 18. b3 Qd8 19. Ndf2 Nc7 20. Nxf6+ Bxf6 21. Ne4 Bg7 22. Rac1 bxc4 23. b4 c3 24. Qxc3 Nb5 25. Qd3 cxb4 26. axb4 Rc8 27. Ra1 Ra8 28. Rfc1 Nd4 29. Rxa6 Rxa6 30. Qxa6 Nf5 31. Bg5 Qa8 32. Qxa8 Rxa8 33. b5 Rb8 34. Rb1 h6 35. Bd2 Kf7 36. g4 Nd4 37. Kf2 Bf8 38. b6 Ke7 39. b7 Kd7 40. Nf6+ Ke7 41. Ba5 Kxf6 42. Bc7 Rxb7 43. Rxb7 h5 44. Bd8+ 1-0

[Event "45th FIDE Olympiad 2024"]
[Site "Budapest"]
[Date "2024.09.14"]
[Round "4.66"]
[White "Shevchenko, Kirill"]
[Black "Nielsen, Hogni Egilstoft"]
[Result "1-0"]
[ECO "D26"]
[WhiteElo "2673"]
[BlackElo "2379"]
[Annotator "TA"]
[PlyCount "35"]
[EventDate "2024.09.05"]
[EventType "team-tourn"]
[EventCountry "HUN"]
[SourceTitle "playchess.com"]
[Source "ChessBase"]
[SourceQuality "1"]
[WhiteTeam "Romania"]
[BlackTeam "Faroe Islands"]
[WhiteTeamCountry "ROU"]
[BlackTeamCountry "FAI"]
[TimeControl "40/5400+30:1800+30"]

1. c4 Nf6 2. Nc3 c5 3. Nf3 Nc6 4. e3 e6 5. d4 d5 6. a3 dxc4 7. Bxc4 cxd4 8. exd4 Be7 9. O-O O-O 10. Re1 a6 11. Ba2 b5 12. d5 exd5 13. Nxd5 {White has an edge.} Nxd5 14. Qxd5 Bb7 15. Qh5 {aiming for Bg5. White has more active pieces.} Bf6 ({Black should play} 15... g6 $14 16. Qh6 Nd4) 16. Bg5 $18 {Threatens to win with Rad1.} (16. Ng5 Bxg5 17. Bxg5 Qd4) 16... Nd4 $2 {[#]} (16... Na5) 17. Ne5 $1 g6 {[#]} (17... Bxg5 $2 {too greedy.} 18. Bxf7+ (18. Nxf7 Rxf7 19. Bxf7+ Kf8 $18) 18... Rxf7 19. Qxf7+ Kh8 20. Qxb7 $18) (17... Bd5 $142) 18. Nxg6 $1 {[%mdl 512] Black got outplayed after the opening.   Weighted Error Value: White=0.01 (flawless) /Black=0.83.  Mistake:       	---       	Black=3      Inaccurate:     	---       	Black=1      OK:         	White=3     	Black=3      Best:        	White=1     	---        Strong:       	White=1     	---} 1-0